 Dungeon Sprint DCSS version 0.22.0-16-gc6d26f6 (webtiles) character file.

8608 doot the Unseen (level 11, -2/43 HPs)
             Began as a Felid Enchanter on Aug 17, 2018.
             Was the Champion of Lugonu.
             Slain by a spriggan defender
             ... wielding a +2 rapier of venom
              (8 damage)
             ... in the Dungeon (Sprint IV: "Fedhas' Mad Dash").
             The game lasted 00:27:21 (3991 turns).

doot the Unseen (Felid Enchanter)                   Turns: 3991, Time: 00:27:33

Health: -2/43      AC:  2    Str:  4    XL:     11   Next: 12%
Magic:  24/27      EV: 33    Int: 18    God:    Lugonu [******]
Gold:   76         SH:  0    Dex: 24    Spells: 21/32 levels left
                                        Lives:  0   Deaths: 3

rFire    . . .     SeeInvis +     - Unarmed
rCold    . . .     Gourm    .   (shield unavailable)
rNeg     . . .     Faith    .   (armour unavailable)
rPois    .         Spirit   .   (helmet unavailable)
rElec    .         Reflect  .   (cloak unavailable)
rCorr    .         Harm     .   (gloves unavailable)
MR       +....     NoTele   +   (boots unavailable)
Stlth    +++++++++.             i - amulet of invisibility {+Inv}
HPRegen  0.14/turn              (no ring)
MPRegen  0.20/turn              (no ring)

@: agile, lethally poisoned (-2 -> -20), quick
A: very small, no armour, no weapons or thrown items, stealth, claws 1, fangs 3,
see invisible, carnivore, speed 1, shaggy fur 2, slow metabolism 1, sharp paws
a: Bend Space, Banish, Corrupt, Renounce Religion, Evoke Invisibility


You were in the Dungeon.
You worshipped Lugonu.
Lugonu was exalted by your worship.
You were not hungry.

You visited 1 branch You collected 280 gold pieces.
You spent 204 gold pieces at shops.

Inventory:

Jewellery
 i - the amulet of invisibility (around neck) {+Inv}
   (You found it in the Dungeon)

   [amulet of nothing]

   It lets you turn invisible.
Scrolls
 a - 2 scrolls of identify {unknown}
 c - a scroll of vulnerability {unknown}
Potions
 d - 2 potions of heal wounds
 e - a potion of haste
 f - 2 potions of magic
 g - 2 potions of flight {unknown}
 j - a potion of might {unknown}
 l - a potion of curing
Comestibles
 b - 3 rations


   Skills:
 + Level 1.7 Fighting
 + Level 9.2 Dodging
 + Level 19.5 Stealth
 + Level 10.8 Unarmed Combat
 + Level 11.4 Spellcasting
 + Level 18.7 Hexes
 + Level 2.0 Ice Magic
 + Level 9.2 Invocations
 + Level 8.8 Evocations


You had 21 spell levels left.
You knew the following spells:

 Your Spells              Type           Power        Failure   Level  Hunger
a - Corona                Hex            ######.      0%          1    None
b - Ensorcelled Hibernat  Hex/Ice        #####.       1%          2    None
c - Confuse               Hex            ######..     0%          3    None
d - Blink                 Tloc           N/A          11%         2    None
e - Regeneration          Chrm/Necr      ##........   21%         3    None

Your spell library contained the following spells:

 Spells                   Type           Power        Failure   Level  Hunger
 Magic Dart               Conj           ##..         7%          1    None
 Conjure Flame            Conj/Fire      ##......     21%         3    None
 Slow                     Hex            ######..     0%          2    None
 Mephitic Cloud           Conj/Pois/Air  ##......     21%         3    None
 Call Imp                 Summ           ##......     11%         2    None
 Tukima's Dance           Hex            ######..     0%          3    None
 Shroud of Golubria       Chrm/Tloc      ##........   11%         2    None
 Dazzling Spray           Conj/Hex       #####.       1%          3    None
 Infusion                 Chrm           ##..         7%          1    None
 Song of Slaying          Chrm           ##......     11%         2    None
 Spectral Weapon          Hex/Chrm       #####...     1%          3    None


Dungeon Overview and Level Annotations

Branches:
Dungeon (1/1)

Altars:
Cheibriados
Dithmenos
Elyvilon
Gozag
Hepliaklqana
Kikubaaqudgha
Makhleb
Nemelex Xobeh
Okawaru
Qazlal
Ru
Sif Muna
Trog
Uskayaw
Vehumet
Wu Jian
Xom
Yredelemnul
Zin
The Shining One
Beogh
Jiyva
Lugonu

Shops:
D }*(**[**[!%=*:::(!:*!

Annotations:
D corrupted


Innate Abilities, Weirdness & Mutations

You cannot wear armour.
You are incapable of wielding weapons or throwing items.
Your paws allow you to move quietly. (Stealth)
You have sharp claws.
You have razor-sharp teeth.
You have supernaturally acute eyesight. (SInv)
You are carnivorous and can eat meat at any time.
You cover ground quickly.
You are covered in thick fur. (AC +2)
You have a slow metabolism.
Your sharp claws are effective at attacking unaware monsters.


Message History

The queen bee completely misses you.
Casting: Confuse (safe; 0% risk of failure)
Confirm with . or Enter, or press ? or * to list all spells.
You can't see any susceptible monsters within range! (Use Z to cast anyway.)
Casting: Confuse (safe; 0% risk of failure)
Confirm with . or Enter, or press ? or * to list all spells.
You can't see any susceptible monsters within range! (Use Z to cast anyway.)
Casting: Confuse (safe; 0% risk of failure)
Confirm with . or Enter, or press ? or * to list all spells.
Aiming: Confuse (safe; 0% risk of failure)
Press: ? - help, Shift-Dir - straight line, f - queen bee
Aim: a queen bee (berserk, fast, unusually strong, chance to defeat MR: 79%)
The queen bee appears confused.
The spriggan defender hits you with a rapier of venom!!!
Ouch! That really hurt!
* * * LOW HITPOINT WARNING * * *
You are lethally poisoned!
The spriggan defender completely misses you.
The spriggan defender hits you with a rapier of venom!
You die...

.......###
###########
..........#########
..........'.......#
..........#######.#
#################.#
i♣..♣..♣..♣..#
........i.iiyy#
..♣..♣..♣i.♣@.# ##
##########


You could see 2 spriggan defenders, a moth of wrath, a spriggan druid and a
queen bee (berserk).

Vanquished Creatures
  A spriggan berserker (D)
  A spriggan druid (D)
  21 oklob plants (D)
  3 burning bushes (D)
  A demonic crawler (D)
  3 wandering mushrooms (D)
  A queen bee (D)
  2 scorpions (D)
  4 killer bees (D)
  5 oklob saplings (D)
  2 worker ants (D)
  4 spriggans (D)
  A river rat (D)
  A rat (D)
  A ballistomycete (D)
51 creatures vanquished.

Vanquished Creatures (others)
  A spriggan rider (D)
  A spriggan berserker (D)
  2 oklob plants (D)
  2 demonic crawlers (D)
  3 hornets (D)
  A spriggan (D)
  5 ballistomycetes (D)
  3 ballistomycete spores (D)
  3 bushes (D)
  10 fungi (D)
  2 starspawn tentacles (D)
33 creatures vanquished.

Grand Total: 84 creatures vanquished

Notes
Turn   | Place    | Note
-------+----------+-------------------------------------------
     0 | D        | doot the Felid Enchanter began the quest for the Orb.
     0 | D        | Reached XP level 1. HP: 7/7 MP: 4/4
   157 | D        | Noticed an oklob sapling
   158 | D        | Killed an oklob sapling
   158 | D        | Reached skill level 5 in Stealth
   158 | D        | Reached XP level 2. HP: 11/11 MP: 4/6
   180 | D        | Found the amulet of invisibility {+Inv}
   195 | D        | Reached skill level 6 in Stealth
   195 | D        | Reached XP level 3. HP: 11/14 MP: 6/8
   199 | D        | Learned a level 2 spell: Ensorcelled Hibernation
   203 | D        | Learned a level 3 spell: Confuse
   275 | D        | Noticed an oklob sapling
   278 | D        | Killed an oklob sapling
   278 | D        | Reached skill level 7 in Stealth
   278 | D        | Reached XP level 4. HP: 18/18 MP: 7/10
   281 | D        | Found an opulent altar of Gozag.
   281 | D        | Found a hazy altar of Hepliaklqana.
   281 | D        | Found a roughly hewn altar of Beogh.
   281 | D        | Found a snail-covered altar of Cheibriados.
   282 | D        | Found a viscous altar of Jiyva.
   282 | D        | Found a burning altar of Makhleb.
   282 | D        | Found a sparkling altar of Nemelex Xobeh.
   282 | D        | Found a sacrificial altar of Ru.
   282 | D        | Found a deep blue altar of Sif Muna.
   282 | D        | Found a bloodstained altar of Trog.
   282 | D        | Found an ornate altar of the Wu Jian Council.
   282 | D        | Found a shimmering altar of Xom.
   282 | D        | Found a basalt altar of Yredelemnul.
   283 | D        | Found an iron altar of Okawaru.
   283 | D        | Found a glowing silver altar of Zin.
   283 | D        | Found a shadowy altar of Dithmenos.
   284 | D        | Found a hide-covered altar of Uskayaw.
   284 | D        | Found an ancient bone altar of Kikubaaqudgha.
   285 | D        | Found a stormy altar of Qazlal.
   285 | D        | Found a glowing golden altar of the Shining One.
   285 | D        | Found a white marble altar of Elyvilon.
   286 | D        | Found a radiant altar of Vehumet.
   286 | D        | Found a corrupted altar of Lugonu.
   290 | D        | Splashed by an oklob sapling priest's acid
   291 | D        | Reached XP level 3. HP: -8/14 MP: 8/8
   291 | D        | Noticed an oklob sapling
   291 | D        | Noticed a wandering mushroom
   291 | D        | Noticed an oklob plant
   299 | D        | Noticed a spriggan druid
   312 | D        | Killed a spriggan druid
   312 | D        | Reached skill level 11 in Stealth
   312 | D        | Reached skill level 5 in Spellcasting
   312 | D        | Reached XP level 4. HP: 8/18 MP: 8/12
   312 | D        | Reached XP level 5. HP: 9/21 MP: 9/14
   312 | D        | Gained mutation: You are covered in thick fur. (AC +2) [Felid growth]
   312 | D        | Reached XP level 6. HP: 11/24 MP: 9/15
   312 | D        | Reached XP level 7. HP: 12/27 MP: 9/16
   510 | D        | Noticed a burning bush
   511 | D        | Killed a wandering mushroom
   511 | D        | Reached skill level 12 in Stealth
   511 | D        | Reached skill level 5 in Unarmed Combat
   658 | D        | Learned a level 2 spell: Blink
   681 | D        | Killed an oklob plant
   681 | D        | Reached skill level 13 in Stealth
   681 | D        | Reached XP level 8. HP: 31/31 MP: 9/19
   959 | D        | Killed a burning bush
   983 | D        | Noticed a burning bush
  1007 | D        | Killed a burning bush
  1007 | D        | Reached skill level 14 in Stealth
  1025 | D        | Learned a level 3 spell: Regeneration
  1038 | D        | Reached skill level 15 in Hexes
  1136 | D        | Noticed an oklob plant
  1138 | D        | Killed an oklob plant
  1138 | D        | Reached skill level 5 in Evocations
  1138 | D        | Reached XP level 9. HP: 34/34 MP: 20/22
  1183 | D        | Reached skill level 15 in Stealth
  1312 | D        | Reached skill level 1 in Ice Magic
  1395 | D        | Became a worshipper of Lugonu the Unformed
  1395 | D        | Reached * piety under Lugonu
  1450 | D        | Reached ** piety under Lugonu
  1466 | D        | Found Duduw's Book Shop.
  1466 | D        | Found Init's Book Emporium.
  1473 | D        | Noticed a burning bush
  1473 | D        | Noticed a wandering mushroom
  1474 | D        | Noticed a wandering mushroom
  1476 | D        | Killed a wandering mushroom
  1496 | D        | Killed a burning bush
  1496 | D        | Reached *** piety under Lugonu
  1496 | D        | Reached skill level 16 in Stealth
  1623 | D        | Found Tipt's Distillery.
  1624 | D        | Found Seduskea's Book Emporium.
  1632 | D        | Bought a potion of agility for 48 gold pieces
  1632 | D        | Bought a potion of berserk rage for 60 gold pieces
  1693 | D        | Noticed an oklob plant conjurer
  1694 | D        | Killed an oklob plant conjurer
  1879 | D        | Noticed Agnes
  1879 | D        | Noticed a demonic crawler
  1881 | D        | Noticed an oklob plant
  1887 | D        | Noticed an oklob plant shifter
  1887 | D        | Noticed an oklob plant summoner
  1892 | D        | Killed an oklob plant summoner
  1895 | D        | Killed an oklob plant shifter
  1895 | D        | Reached **** piety under Lugonu
  2062 | D        | Killed an oklob plant
  2062 | D        | Reached skill level 5 in Invocations
  2062 | D        | Reached XP level 10. HP: 37/37 MP: 17/24
  2225 | D        | Noticed a spriggan rider
  2236 | D        | Slain by a spriggan rider
  2237 | D        | Reached XP level 9. HP: -2/51 MP: 11/23
  2301 | D        | Reached skill level 17 in Stealth
  2308 | D        | Reached ***** piety under Lugonu
  2308 | D        | Banished a spriggan rider
  2370 | D        | Found Homut's General Store.
  2371 | D        | Found Jowaelas's Distillery.
  2378 | D        | Bought a potion of heal wounds for 60 gold pieces
  2378 | D        | Bought a potion of curing for 36 gold pieces
  2400 | D        | Noticed a queen bee
  2403 | D        | Demolished by Agnes
  2404 | D        | Reached XP level 8. HP: -16/31 MP: 11/22
  2456 | D        | Banished Agnes
  2456 | D        | Reached XP level 9. HP: 34/34 MP: 19/23
  2462 | D        | Killed a queen bee
  2548 | D        | Corrupted D
  2548 | D        | Noticed a large abomination
  2548 | D        | Noticed a starcursed mass
  2548 | D        | Noticed a sixfirhy
  2548 | D        | Noticed a large abomination
  2548 | D        | Noticed a red draconian
  2549 | D        | Noticed a smoke demon
  2550 | D        | Noticed a tormentor
  2551 | D        | Killed a demonic crawler
  2551 | D        | Noticed a thrashing horror
  2553 | D        | Noticed a large abomination
  2553 | D        | Noticed an apocalypse crab
  2553 | D        | Noticed a tentacled starspawn
  2560 | D        | Noticed a thrashing horror
  2569 | D        | Killed a demonic crawler
  2570 | D        | Killed an oklob plant shifter
  2574 | D        | Noticed a thrashing horror
  2578 | D        | Killed a spriggan berserker
  2580 | D        | Killed an oklob plant meteorologist
  2832 | D        | Found Maho Peo's Book Emporium.
  2833 | D        | Found Yhonweci's Weapon Shoppe.
  2880 | D        | Found Vegaal's General Store.
  2880 | D        | Found Ytudgh's Gadget Shoppe.
  2883 | D        | Found Qoguis's Antique Weapon Emporium.
  2916 | D        | Noticed an oklob plant summoner
  2919 | D        | Found Ahuchoet's General Store.
  2919 | D        | Found Qeacuynn's Antique Armour Boutique.
  2919 | D        | Found Farink's General Store.
  2926 | D        | Found Juzung's Jewellery Emporium.
  2927 | D        | Found Aworin's General Store.
  2936 | D        | Killed an oklob plant summoner
  2939 | D        | Noticed an oklob plant annihilator
  3051 | D        | Found Ahoulatz's Assorted Antiques.
  3052 | D        | Found Hiedosen's General Store.
  3053 | D        | Found Ziczukh's Distillery.
  3053 | D        | Found Fajaurph's Food Shop.
  3053 | D        | Found Feytsatugg's Antique Armour Boutique.
  3055 | D        | Noticed an oklob plant
  3057 | D        | Noticed an oklob plant
  3058 | D        | Noticed an oklob plant
  3059 | D        | Noticed an oklob plant
  3060 | D        | Noticed an oklob plant
  3061 | D        | Noticed an oklob plant
  3062 | D        | Noticed an oklob plant
  3063 | D        | Killed an oklob plant
  3063 | D        | Reached skill level 1 in Fighting
  3063 | D        | Reached skill level 10 in Spellcasting
  3064 | D        | Noticed an oklob plant
  3071 | D        | Noticed an oklob plant
  3072 | D        | Killed an oklob plant
  3197 | D        | Noticed an oklob plant
  3198 | D        | Noticed an oklob plant
  3199 | D        | Killed an oklob plant
  3200 | D        | Noticed an oklob plant
  3203 | D        | Killed an oklob plant
  3203 | D        | Reached XP level 10. HP: 39/39 MP: 23/25
  3205 | D        | Killed an oklob plant
  3205 | D        | Reached skill level 18 in Stealth
  3207 | D        | Killed an oklob plant
  3209 | D        | Killed an oklob plant
  3209 | D        | Reached skill level 10 in Unarmed Combat
  3376 | D        | Killed an oklob plant
  3531 | D        | Killed an oklob plant
  3649 | D        | Killed an oklob plant
  3659 | D        | Killed an oklob plant
  3659 | D        | Reached skill level 19 in Stealth
  3665 | D        | Killed an oklob plant
  3795 | D        | Noticed a spriggan defender
  3795 | D        | Noticed a spriggan defender
  3845 | D        | Noticed an oklob plant demonologist
  3845 | D        | Noticed a spriggan berserker
  3851 | D        | Killed an oklob plant annihilator
  3853 | D        | Killed a spriggan berserker
  3853 | D        | Reached XP level 11. HP: 43/43 MP: 25/27
  3854 | D        | Killed an oklob plant demonologist
  3854 | D        | Reached ****** piety under Lugonu
  3984 | D        | Noticed a spriggan druid
  3985 | D        | Noticed a spriggan rider
  3991 | D        | Slain by a spriggan defender

Skill      XL: |  1  2  3  4  5  6  7  8  9 10 |
---------------+-------------------------------+-----
Dodging        | 4 7 8 9 |  9.2
Stealth        | 5 6 11 13 14 17 19 | 19.5
Hexes          | 6 7 13 14 15 17 18 | 18.7
Spellcasting   | 3 5 6 8 10 11 | 11.4
Unarmed Combat | 4 6 8 9 10 | 10.8
Evocations     | 2 3 5 7 8 |  8.8
Ice Magic      | 1 2 |  2.0
Invocations    | 6 8 9 |  9.2
Fighting       | 1 |  1.7

Action                   |  1- 3 |  4- 6 |  7- 9 | 10-12 || total
-------------------------+-------+-------+-------+-------++-------
Melee: Unarmed           |    24 |     1 |   112 |    35 ||   172
       Bite              |     2 |       |    17 |     6 ||    25
       Punch             |       |       |     2 |       ||     2
 Cast: Corona            |     1 |       |       |       ||     1
       Confuse           |       |       |    30 |    14 ||    44
       Ensorcelled Hiber |       |       |     6 |       ||     6
Invok: Banish            |       |       |     7 |       ||     7
       Corrupt           |       |       |     1 |       ||     1
 Abil: Evoke Invisibilit |     1 |       |    11 |     4 ||    16
  Use: Potion            |     1 |       |     1 |     2 ||     4
       Scroll            |       |       |     1 |       ||     1
 Stab: Sleeping          |     3 |       |    19 |     7 ||    29
       Invisible         |       |       |     9 |     9 ||    18
       Confused          |       |       |    10 |     1 ||    11
  Eat: Chunk             |       |       |     9 |     1 ||    10
       Ration            |       |       |       |     2 ||     2
Armor: Skin              |       |       |     1 |       ||     1
Dodge: Dodged            |    15 |     1 |    34 |    13 ||    63
